 Dungeon Crawl Stone Soup version 0.26.1-11-gd32895ea62 (webtiles) character file.

Game seed: 6755626057713786054

490 ubername the Slasher (level 7, -4/56 HPs)
             Began as a Barachi Chaos Knight on July 7, 2021.
             Was a Plaything of Xom.
             Slain by an ice beast (6 damage)
             ... on level 4 of the Dungeon.
             The game lasted 00:06:10 (3178 turns).

ubername the Slasher (Barachi Chaos Knight)         Turns: 3178, Time: 00:06:10

Health: -4/56      AC:  6    Str: 14    XL:     7   Next: 14%
Magic:  7/7        EV: 13    Int: 15    God:    Xom [...*..]
Gold:   156        SH:  0    Dex: 13    Spells: 6/6 levels left

rFire    . . .     SeeInvis .   a - +1 falchion (chaos)
rCold    . . .     Faith    +   (no shield)
rNeg     . . .     Spirit   .   b - +2 leather armour
rPois    .         Reflect  .   e - +0 helmet {Int+3}
rElec    +         Harm     .   (no cloak)
rCorr    .         Rampage  .   (no gloves)
Will     .....     Clarity  +   (no boots)
Stlth    ++........             d - amulet of faith
HPRegen  0.18/turn              (no ring)
MPRegen  0.10/turn              (no ring)

@: slow
A: +LOS, swims, clarity, high mp 1, electricity resistance, slowness 1,
MP-powered wands, sturdy frame 1, strong legs 1
a: Hop, Renounce Religion


You were on level 4 of the Dungeon.
You worshipped Xom.
You were a favourite toy of Xom.
You visited 1 branch of the dungeon, and saw 4 of its levels.

You collected 156 gold pieces.

Inventory:

Hand Weapons
 a - a +1 falchion of chaos (weapon)
 o - a +1 hunting sling of flaming
Missiles
 f - 64 stones
 l - 3 boomerangs of dispersal
 m - 25 poisoned darts (quivered)
Armour
 b - a +2 leather armour (worn)
 e - a +0 helmet of intelligence (worn)
 g - a +0 plate armour
 s - a scarf of repulsion
Jewellery
 d - an amulet of faith (around neck)
 h - an uncursed amulet of magic regeneration {unknown}
 i - an uncursed amulet of the acrobat {unknown}
 n - a +6 ring of strength {unknown}
 q - an uncursed ring of fire {unknown}
Scrolls
 k - 4 scrolls of identify
Potions
 c - 2 potions of brilliance
 j - a potion of degeneration {unknown}
 r - a potion of magic {unknown}
 t - a potion of curing


   Skills:
 + Level 5.2 Fighting
 + Level 6.8 Long Blades
 + Level 0.5 Throwing
 + Level 3.7 Armour
 + Level 3.1 Dodging
 + Level 1.9 Stealth


You had 6 spell levels left.
You didn't know any spells.
Your spell library was empty.

Dungeon Overview and Level Annotations

Branches:
Dungeon (4/15)
 Temple: D:4-7

Altars:
Dithmenos
Kikubaaqudgha
Uskayaw
Zin

Annotations:
D:3 2 transporters


Innate Abilities, Weirdness & Mutations

You can be seen from farther away. (+LOS)
You can swim through water.
You cover ground slowly.
You can hop short distances.
You possess an exceptional clarity of mind.
You have an increased reservoir of magic. (+10% MP)
You are resistant to electric shocks. (rElec)
You expend magic power (3 MP) to strengthen your wands.
Your movements are slightly less encumbered by armour. (ER -2)


Message History

As you read the scroll labelled RIFIBE ZUGOEN, it crumbles to dust.
It is a scroll of enchant weapon.
Your +0 falchion of chaos glows red for a moment.
The ice beast is no longer moving slowly.
You barely miss the ice beast.
The ice beast is moderately wounded.
The ice beast hits you.
* * * LOW HITPOINT WARNING * * *
The ice beast freezes you!
* * * LOW HITPOINT WARNING * * *
You hit the ice beast.
The ice beast seems to grow stronger.
The ice beast is heavily wounded.
Your cleaving frenzy subsides.
The ice beast closely misses you.
You riposte.
You hit the ice beast but do no damage.
The ice beast flickers and vanishes!
Deactivating autopickup; reactivate with Ctrl-A.
You completely miss something. Something hits you.
* * * LOW HITPOINT WARNING * * *
Something freezes you.
You die...

##.###.....########....
#..##.....##.....#...# ## ##
##........##.8.8.#...###.##...
##........#.._..#............
##........#.8.8.#...........
#.........#.....#......#
#......###)###'###......#
##..#.## #......###.#..##
###### ##....@{..###..#
#...........#..#
##...#.##.....##
#########...## #...# ......
.....## ....## .###


There were no monsters in sight!

Vanquished Creatures
  An ice beast (D:4)
  A bullfrog (D:4)
  Terence (D:3)
  3 gnolls (D:2)
  4 adders
  2 oozes
  2 worms (D:3)
  4 leopard geckos
  3 bats
  4 giant cockroaches
  8 goblins
  10 hobgoblins
  8 jackals (D:1)
  4 quokkas
  2 ball pythons
  2 frilled lizards (D:1)
  8 kobolds
  5 rats
72 creatures vanquished.

Vanquished Creatures (collateral kills)
  Sigmund (D:3)
1 creature vanquished.

Grand Total: 73 creatures vanquished

Notes
Turn   | Place    | Note
-------+----------+-------------------------------------------
     0 | D:1      | ubername the Barachi Chaos Knight began the quest for the
                  | Orb.
     0 | D:1      | Reached XP level 1. HP: 18/18 MP: 1/1
    66 | D:1      | XOM: silly message
    82 | D:1      | Reached XP level 2. HP: 20/25 MP: 2/2
   105 | D:1      | XOM: divination: detect items
   174 | D:1      | Reached skill level 4 in Long Blades
   363 | D:1      | Reached XP level 3. HP: 30/30 MP: 3/3
   364 | D:1      | XOM: silly message
   956 | D:2      | Reached XP level 4. HP: 38/38 MP: 4/4
  1002 | D:2      | Reached skill level 5 in Long Blades
  1534 | D:2      | XOM: divination: detect items
  1630 | D:2      | XOM: divination: magic mapping
  1680 | D:2      | Reached XP level 5. HP: 37/43 MP: 5/5
  1730 | D:2      | XOM: silly message
  1842 | D:2      | You fall into a shaft and drop 1 floor!
  1842 | D:3      | XOM: noise
  2056 | D:2      | Found a glowing silver altar of Zin.
  2212 | D:3      | Found a transporter.
  2218 | D:3      | Noticed a sky beast
  2219 | D:3      | Found a transporter.
  2219 | D:3      | Noticed a black bear
  2220 | D:3      | XOM: 1-stop teleportation journey
  2221 | D:3      | Noticed Terence
  2232 | D:3      | Found a shadowy altar of Dithmenos.
  2263 | D:3      | Reached skill level 1 in Stealth
  2326 | D:3      | XOM: give mutation
  2326 | D:3      | Gained mutation: You are resistant to electric shocks.
                  | (rElec) [Xom's grace]
  2355 | D:3      | XOM: smoke on damage
  2361 | D:3      | HP: 2/43 [Terence/+0 trident (2)]
  2362 | D:3      | Killed Terence
  2516 | D:3      | XOM: give mutation
  2516 | D:3      | Gained mutation: You possess an exceptional clarity of
                  | mind. [Xom's grace]
  2761 | D:3      | Found a hide-covered altar of Uskayaw.
  2761 | D:3      | XOM: 3-stop teleportation journey
  2853 | D:3      | Noticed Sigmund
  2859 | D:3      | XOM: confuse monster(s)
  2860 | D:3      | XOM: cast spell 'Summon Hydra'
  2861 | D:3      | Killed Sigmund
  2862 | D:3      | Reached skill level 6 in Long Blades
  2862 | D:3      | Reached XP level 6. HP: 39/50 MP: 6/6
  3094 | D:3      | XOM: give mutations
  3094 | D:3      | Gained mutation: You have an increased reservoir of magic.
                  | (+10% MP) [Xom's grace]
  3094 | D:3      | Gained mutation: Your movements are slightly less
                  | encumbered by armour. (ER -2) [Xom's grace]
  3094 | D:3      | Gained mutation: You expend magic power (3 MP) to
                  | strengthen your wands. [Xom's grace]
  3106 | D:4      | Reached skill level 5 in Fighting
  3143 | D:4      | Found an ancient bone altar of Kikubaaqudgha.
  3156 | D:4      | Noticed an ice beast
  3161 | D:4      | XOM: cleaving
  3171 | D:4      | Killed an ice beast
  3172 | D:4      | Reached XP level 7. HP: 13/56 MP: 7/7
  3178 | D:4      | HP: 2/56 [something (2)]
  3178 | D:4      | Slain by an ice beast

Illustrated notes

Levels and vault maps discovered:
D:1:      tarquinn_simple_flora_water_f, layout_rooms
D:2:      layout_loops_cross, zin_academy, minmay_door_square,
          amcnicky_mini_rare_corridor_liquid
D:3:      layout_loops_ring, gammafunk_temple_overflow_arena,
          eat_drink_and_be_merry_uskayaw, uniq_sigmund, uniq_terence
D:4:      layout_cave_pools, kennysheep_little_box, uniq_duvessa

Skill      XL: |  1  2  3  4  5  6 |
---------------+-------------------+-----
Fighting       | 4 5 |  5.2
Long Blades    | 4 5 6 |  6.8
Stealth        | 1 |  1.9
Armour         | 3 |  3.7
Dodging        | 2 3 |  3.1
Throwing       | |  0.5

Action                   |  1- 3 |  4- 6 |  7- 9 || total
-------------------------+-------+-------+-------++-------
Melee: Falchion          |    72 |   160 |     3 ||   235
Throw: Dart              |       |     3 |       ||     3
  Use: Potion            |     2 |     3 |       ||     5
       Scroll            |       |     2 |     1 ||     3
 Stab: Sleeping          |     2 |     1 |       ||     3
Armor: Leather armour    |    37 |    63 |       ||   100
Dodge: Dodged            |    64 |    81 |     1 ||   146
       Rpst.: Falchion   |    21 |    23 |     1 ||    45
